[Event "*** Titled Tuesday Blitz"]
[Site "Chess.com"]
[Date "2020.12.01"]
[Round "3"]
[White "tdf98pantani"]
[Black "profofchess"]
[Result "0-1"]
[WhiteElo "2673"]
[BlackElo "2431"]
[TimeControl "180+1"]
[EndTime "10:28:13 PST"]
[Termination "profofchess won by resignation"]

1. e4 e6 2. d4 d5 3. Nc3 Bb4 4. e5 c5 5. a3 Bxc3+ 6. bxc3 Ne7 7. Qg4 cxd4 8. Qxg7 Rg8 9. Qxh7 Nbc6 10. Ne2 dxc3 11. f4 Qa5 12. g3 b6 13. Qd3 Ba6 14. Qxc3 Qa4 15. Bg2 Bxe2 16. Kxe2 Rc8 17. Bd2 Nd4+ 18. Qxd4 Qxd4 19. c3 Qc4+ 20. Kf2 Nf5 21. Bf3 d4 22. Rhc1 d3 23. Re1 Qc5+ 24. Kf1 Kd7 25. Re4 Rxg3 26. hxg3 Nxg3+ 27. Kg2 Nxe4 28. Bxe4 Rg8+ 29. Kf3 Qe7 30. Rh1 Qxa3 31. Rh7 Ke7 32. f5 exf5 33. Bd5 Qb2 34.
Rxf7+ Kd8 35. e6 Qxd2 36. e7+ Ke8 37. Rh7 Qe2+ 38. Kf4 Qg4+ 39. Ke5 Qe2+ 40. Kd6 Rg6+ 41. Kc7 Qxe7+ 42. Rxe7+ Kxe7 43. Kb8 d2 44. Bf3 Rg3 45. Bd1 Rxc3 46. Be2 Rc1 47. Bd1 Rxd1 48. Kb7 Rc1 0-1

[Event "*** Titled Tuesday Blitz"]
[Site "Chess.com"]
[Date "2020.12.01"]
[Round "3"]
[White "AniJak"]
[Black "DenishevM"]
[Result "1/2-1/2"]
[WhiteElo "2385"]
[BlackElo "2583"]
[TimeControl "180+1"]
[EndTime "10:28:13 PST"]
[Termination "Game drawn by repetition"]

1. e4 c5 2. Nf3 d6 3. d4 cxd4 4.
Nxd4 Nf6 5. Nc3 a6 6. h3 e5 7. Nde2 Be6 8. g4 b5 9. Bg2 Nbd7 10. O-O Nb6 11. f4 Be7 12. f5 Bd7 13. Ng3 h6 14. Kh2 b4 15. Nce2 Bc6 16. b3 Nfd7 17. Bb2 Nc5 18.
a3 a5 19. f6 Bxf6 20. axb4 axb4 21. Rxa8 Bxa8 22. Nf5 O-O 23. Neg3 Bg5 24. Nxd6 Bf4 25. Rxf4 exf4 26. Nh5 Ne6 27. Qd2 Qc7 28. Nxf4 Nxf4 29. Qxf4 Qxc2 30. Qe5 f6 31. Qe6+ Kh8 32. Bd4 Nc8 33.
Nf7+ Kh7 34. Qf5+ Kg8 35. Nxh6+ gxh6 36. Qg6+ Kh8 37. Qxh6+ Kg8 38. Qg6+ Kh8 39. Qh6+ Kg8 40. Qg6+ Kh8 41. Qh6+ 1/2-1/2

[Event "*** Titled Tuesday Blitz"]
[Site "Chess.com"]
[Date "2020.12.01"]
[Round "3"]
[White "rynos0411"]
[Black "Mikhail_Golubev"]
[Result "1-0"]
[WhiteElo "2369"]
[BlackElo "2551"]
[TimeControl "180+1"]
[EndTime "10:28:13 PST"]
[Termination "rynos0411 won on time"]

1. d4 Nf6 2. c4 g6 3. Nc3 Bg7 4. e4 d6 5. h3 Nbd7 6. Be3 e5 7. d5 Nc5 8. Qc2 a5 9. g4 h5 10. g5 Nh7 11. h4 f6 12. gxf6 Bxf6 13. Be2 Bxh4 14.
Nf3 Bf6 15. O-O-O Bg4 16. Rdg1 Bxf3 17. Bxf3 Bg5 18. Qd2 Bxe3 19. Qxe3 Qf6 20. Rxg6 Qf4 21. Bxh5 Qxe3+ 22. fxe3 O-O-O 23. Be2 Nf8 24. Rxh8 Nxg6 25. Bg4+ Nd7 26. Rh7 Nf8 27. Rf7 Kb8 28. Nb5 c6 29. Nxd6 Nc5 30. Nxb7 Nxb7 31. dxc6 Re8 32. Rxb7+ Ka8 33.
Rb5 1-0

[Event "*** Titled Tuesday Blitz"]
[Site "Chess.com"]
[Date "2020.12.01"]
[Round "3"]
[White "misterlamine"]
[Black "FearNoEvil12"]
[Result "0-1"]
[WhiteElo "2308"]
[BlackElo "2158"]
[TimeControl "180+1"]
[EndTime "10:28:13 PST"]
[Termination "FearNoEvil12 won by checkmate"]

1. d4 b5 2. Nf3 a6 3. e4 Bb7 4.
Bd3 e6 5. O-O Nf6 6. Re1 d6 7. Bg5 h6 8. Bh4 g5 9. Bg3 Nbd7 10. Nbd2 Rg8 11. Rc1 h5 12. h4 gxh4 13. Nxh4 Bh6 14. c4 bxc4 15. Rxc4 Bg5 16. Nhf3 Ng4 17. Nxg5 Qxg5 18. Rxc7 Nxf2 19. Qf3 Nxd3 20. Qxd3 Rb8 21. Nf1 h4 22. Bxh4 Qxh4 23. Re3 Qd8 24. Rc2 Nf6 25. d5 e5 26. Rf3 Bc8 27. Ne3 Ng4 28.
Nxg4 Bxg4 29. Rg3 Qh4 30. Rc7 Rxb2 31. Qf1 Rf8 32. Rgc3 Qd8 33. Qc4 Rb1+ 34. Rc1 Rxc1+ 35. Qxc1 Bd7 36. Qc4 Rg8 37. Qc2 Qg5 38. Ra7 Ke7 39.
Rxa6 Qe3+ 40. Kf1 Rg4 41. Qc7 Rf4# 0-1

[Event "*** Titled Tuesday Blitz"]
[Site "Chess.com"]
[Date "2020.12.01"]
[Round "3"]
[White "WPWPWP-2015"]
[Black "Lukianoo"]
[Result "0-1"]
[WhiteElo "2492"]
[BlackElo "2775"]
[TimeControl "180+1"]
[EndTime "10:28:14 PST"]
[Termination "Lukianoo won on time"]

1. e3 Nf6 2. c4 b6 3. Nc3 Bb7 4. d4 e6 5. Nf3 Bb4 6. Bd3 O-O 7.
O-O Bxc3 8. bxc3 d6 9. Nd2 Nbd7 10. Qc2 e5 11. Ba3 Re8 12. f3 Nf8 13. Ne4 Ng6 14.
Rae1 Nxe4 15. fxe4 Bc8 16. Rf3 h5 17. Ref1 Qg5 18.
Rg3 Qh6 19. Qf2 Re7 20. c5 bxc5 21. dxc5 h4 22. Rf3 Bg4 23. cxd6 cxd6 24. Rxf7 Rxf7 25.
Qxf7+ Kh7 26. Qf2 h3 27. g3 Rf8 28. Qe1 Rxf1+ 29. Bxf1 Bf3 30. Bxd6 Bxe4 31. Bc5 Qh5 32. Be2 Qg5 33. Qf2 Nh4 34. Qf7 Ng6 35. Bc4 Qg4 36. Qf1 Nh4 37. Be2 Nf3+ 0-1

[Event "*** Titled Tuesday Blitz"]
[Site "Chess.com"]
[Date "2020.12.01"]
[Round "3"]
[White "Luklei18"]
[Black "Misi_95"]
[Result "1-0"]
[WhiteElo "2435"]
[BlackElo "2622"]
[TimeControl "180+1"]
[EndTime "10:28:14 PST"]
[Termination "Luklei18 won on time"]

1. c4 e5 2. Nc3 Nc6 3. e3 Nf6 4. Nf3 Bb4 5. Qc2 d6 6. Nd5 Ba5 7. a3 O-O 8. b4 Bb6 9. Nxf6+ Qxf6 10. Bb2 Re8 11. Bd3 Qh6 12. Be4 Bd7 13. h4 Rad8 14. Ng5 g6 15. Bd5 Rf8 16. O-O-O Bg4 17. f3 Bf5 18. Ne4 a5 19. b5 Ne7 20. Bxb7 Bxe4 21. Bxe4 f5 22. Bd5+ Nxd5 23. cxd5 Qg7 24. h5 g5 25. h6 Qf7 26. Qc4 Bc5 27. f4 Rfe8 28. fxg5 Qg6 29. g4 fxg4 30. Qxg4 Rf8 31. Qh5 Qd3 32.
g6 hxg6 33. h7+ Kh8 34. Bxe5+ 1-0

[Event "*** Titled Tuesday Blitz"]
[Site "Chess.com"]
[Date "2020.12.01"]
[Round "3"]
[White "Kotofeyca"]
[Black "Mazetovic"]
[Result "1-0"]
[WhiteElo "2477"]
[BlackElo "2713"]
[TimeControl "180+1"]
[EndTime "10:28:15 PST"]
[Termination "Kotofeyca won by checkmate"]

1. d4 Nf6 2. c4 g6 3. f3 Bg7 4. e4 d6 5. Nc3 c6 6. Be3 a6 7.
Bd3 b5 8. b3 Nbd7 9. Nge2 e5 10.
d5 cxd5 11. cxd5 O-O 12. O-O Nc5 13. Bc2 Bd7 14. b4 Nb7 15. Qd2 Nh5 16. a4 f5 17.
axb5 axb5 18. Bd3 fxe4 19. Nxe4 Nf6 20. Nxf6+ Qxf6 21. Bg5 Qf7 22. Be4 Bf5 23. Ng3 Bd7 24. Qb2 Ra4 25. Ra3 Rfa8 26. Rfa1 Qe8 27. Be3 Qc8 28.
Ne2 Rxa3 29. Rxa3 Rxa3 30. Qxa3 Bf6 31. Qc3 Qa8 32. Qc7 Be8 33. Kf2 Bd8 34. Qc1 Bd7 35. g3 Qa6 36. h4 Bb6 37. h5 Kf7 38. hxg6+ hxg6 39. Kg2 Qa7 40. Bxb6 Qxb6 41. Qh6 Qd8 42. Bxg6+ Ke7 43. Qg5+ Kf8 44. Qh6+ Ke7 45. Qg7# 1-0

[Event "*** Titled Tuesday Blitz"]
[Site "Chess.com"]
[Date "2020.12.01"]
[Round "3"]
[White "stefy02"]
[Black "MashaFromRussia"]
[Result "0-1"]
[WhiteElo "2246"]
[BlackElo "2432"]
[TimeControl "180+1"]
[EndTime "10:28:16 PST"]
[Termination "MashaFromRussia won by resignation"]

1. e4 c5 2. Nf3 Nc6 3. Bb5 d6 4.
d4 cxd4 5. Qxd4 a6 6. Bxc6+ bxc6 7. O-O e5 8. Qd3 Be7 9. c4 Nf6 10. h3 O-O 11. Nc3 Qc7 12. Be3 h6 13. Rfd1 Be6 14. b3 Rfd8 15. Qe2 d5 16. cxd5 cxd5 17. Rac1 dxe4 18.
Nxe4 Qa5 19. Nxf6+ Bxf6 20. Rxd8+ Rxd8 21. Rc5 Qb4 22. Nxe5 Qe4 23. Nf3 Rd3 24. Nd2 Qg6 25. Kh1 Bd5 26.
Nf3 Be4 27. Rc8+ Kh7 28. Rc4 Rd5 29. Rc1 Rf5 30. Rg1 Bxf3 31. gxf3 Qh5 32. Kh2 Rxf3 33. Rg3 Be5 34. Qd3+ g6 35. Qe4 Bxg3+ 36. fxg3 Qf5 37.
Qe8 Qf6 38. Bd4 Qxd4 39. Qf8 Qd2+ 0-1

[Event "*** Titled Tuesday Blitz"]
[Site "Chess.com"]
[Date "2020.12.01"]
[Round "3"]
[White "Tejas_Rama"]
[Black "anpospan"]
[Result "1-0"]
[WhiteElo "2237"]
[BlackElo "2393"]
[TimeControl "180+1"]
[EndTime "10:28:16 PST"]
[Termination "Tejas_Rama won by checkmate"]

1. Nf3 c5 2. c4 b6 3. d4 cxd4 4. Nxd4 Bb7 5. Nc3 a6 6. e4 e6 7. Be3 d6 8. Be2 Nd7 9. O-O Ngf6 10. f3 Qc7 11. Qd2 Be7 12. Rac1 Rc8 13. Rfd1 O-O 14.
b3 Rfe8 15. Qe1 Qb8 16. Qf2 g6 17. Nc2 Ba8 18. Nb4 Nc5 19. g4 a5 20. Nd3 e5 21. Nxc5 bxc5 22. Nb5 Red8 23. Qe1 a4 24. bxa4 Rc6 25. Qc3 Qc8 26. Na7 Qe6 27. Nxc6 Bxc6 28. a5 h5 29. g5 Nh7 30. h4 Qh3 31. Qe1 Bxe4 32. Qf2 Bc6 33. Rb1 Nf8 34. Rb6 Ba8 35. a6 Ne6 36. a7 Nd4 37. Bxd4 cxd4 38. Rb8 Kg7 39. Rdb1 d3 40. Bd1 e4 41. Rxd8 Bxd8 42. Rb8 e3 43. Qxe3 Qg3+ 44. Kf1 Ba5 45. Qd4+ f6 46.
Qxf6+ Kh7 47. Qf7# 1-0

[Event "*** Titled Tuesday Blitz"]
[Site "Chess.com"]
[Date "2020.12.01"]
[Round "3"]
[White "kirillshevchenko"]
[Black "scarabee43"]
[Result "1/2-1/2"]
[WhiteElo "2865"]
[BlackElo "2568"]
[TimeControl "180+1"]
[EndTime "10:28:17 PST"]
[Termination "Game drawn by repetition"]

1. e4 c5 2. Nf3 e6 3. c3 d5 4. exd5 Qxd5 5. d4 Nf6 6. Bd3 Be7 7. Be3 O-O 8. dxc5 Bxc5 9. Bxh7+ Kxh7 10. Qxd5 Nxd5 11. Bxc5 Rd8 12. O-O b6 13. Bd4 Ba6 14. Re1 Nc6 15. g3 Ndb4 16. Bxb6 axb6 17. cxb4 Nxb4 18.
Na3 Nd3 19. Re2 Bb7 20. Ne5 Nxe5 21. Rxe5 Rd2 22. Rb1 Rad8 23. Nc4 Rd1+ 24. Re1 Rxb1 25. Rxb1 b5 26. Ne3 Rd2 27. a3 Be4 28. Re1 Rxb2 29. Nd1 Rb1 30. Rxe4 Rxd1+ 31. Kg2 Rd3 32. Re5 Rxa3 33. Rxb5 Kg6 34. g4 f6 35. h4 e5 36. f3 Kf7 37. Rb7+ Kf8 38. g5 fxg5 39. hxg5 Ra4 40. Kg3 Rf4 41. Rb5 Rf5 42. Kg4 g6 43. Rb8+ Kf7 44. Rb7+ Kf8 45. Rb6 Kf7 46. Rc6 Rf4+ 47.
Kg3 Rf5 48. Rc7+ Kf8 49. Kg4 Rf4+ 50. Kg3 Rf5 51. Kg4 Rf4+ 52. Kg3 Rf5 1/2-1/2

[Event "*** Titled Tuesday Blitz"]
[Site "Chess.com"]
[Date "2020.12.01"]
[Round "3"]
[White "LamaChampetre"]
[Black "szachuspl"]
[Result "0-1"]
[WhiteElo "2229"]
[BlackElo "2497"]
[TimeControl "180+1"]
[EndTime "10:28:17 PST"]
[Termination "szachuspl won on time"]

1. d4 Nf6 2. c4 g6 3. Nc3 Bg7 4. e4 d6 5. h3 O-O 6. Nf3 e5 7. d5 a5 8. g4 Na6 9. Be3 Nc5 10. Nd2 c6 11. Be2 cxd5 12. cxd5 Nfd7 13. h4 f5 14. gxf5 gxf5 15. Bg5 Nf6 16. Rg1 Kh8 17. Qc2 h6 18.
Be3 Ncxe4 19. Ndxe4 fxe4 20. Qd2 Kh7 21. Rxg7+ Kxg7 22. Bxh6+ Kh7 23. Bxf8 Qxf8 24. O-O-O Qh6 25. Qxh6+ Kxh6 26. Nb5 Ne8 27. Rg1 Bd7 28. Nc3 Nf6 29. Kd2 Rc8 30.
Ke3 Bf5 31. Rg5 Bh7 32. Bg4 Rc5 33. Be6 b5 34. Rg1 b4 35. Na4 Rc2 36. a3 Bg6 37. axb4 axb4 38. Nb6 Rxb2 39. Nc4 Rb3+ 40. Kd2 Nxd5 41. Nxd6 Rd3+ 42. Kc1 Nc3 43. Bf5 Ne2+ 44. Kc2 Nxg1 0-1

[Event "*** Titled Tuesday Blitz"]
[Site "Chess.com"]
[Date "2020.12.01"]
[Round "3"]
[White "ozates"]
[Black "moro182"]
[Result "0-1"]
[WhiteElo "2402"]
[BlackElo "2720"]
[TimeControl "180+1"]
[EndTime "10:28:18 PST"]
[Termination "moro182 won by resignation"]

1. e4 c5 2. Nf3 d6 3. Bb5+ Nd7 4. Ba4 g6 5. c4 Bg7 6. Nc3 Nf6 7. O-O O-O 8. d3 Ne5 9. h3 Nxf3+ 10. Qxf3 a6 11.
a3 Rb8 12. Be3 Nd7 13. Rfc1 b5 14. cxb5 axb5 15. Bb3 b4 16. axb4 Rxb4 17. Qd1 e6 18.
Ra4 Qb6 19. Rxb4 Qxb4 20. Bc4 Ne5 21. Nb5 Nxc4 22. dxc4 Qxb2 23. Qxd6 Bb7 24. f3 Qe2 25. Qxc5 Ra8 26. Bf2 Qd2 27. Qe3 Qb2 28. Qb6 Qxc1+ 29. Kh2 Be5+ 30. g3 Qd2 31. Kg2 Qd7 32. f4 Bxe4+ 33.
Kf1 Bg7 34. Qe3 Ra1+ 35. Be1 Qd3+ 36. Qxd3 Bxd3+ 37. Kf2 Bxc4 38. Nd6 Bd5 0-1

[Event "*** Titled Tuesday Blitz"]
[Site "Chess.com"]
[Date "2020.12.01"]
[Round "3"]
[White "Xeniya2005"]
[Black "Vuk2000"]
[Result "0-1"]
[WhiteElo "2431"]
[BlackElo "2722"]
[TimeControl "180+1"]
[EndTime "10:28:18 PST"]
[Termination "Vuk2000 won by resignation"]

1. e4 e6 2. d4 d5 3. Nd2 Be7 4. Ngf3 Nf6 5. e5 Nfd7 6. Bd3 c5 7. c3 b6 8. Qe2 a5 9. a4 Ba6 10. Bb5 O-O 11. O-O Qc8 12. h3 Nc6 13. Bxa6 Qxa6 14. Qe3 cxd4 15. cxd4 Nb4 16. Qf4 Rac8 17. Rd1 Qd3 18. Ra3 Qc2 19. Rf1 Nd3 20. Rxd3 Qxd3 21. Re1 Rc2 22. Nf1 Bb4 23. Bd2 Bxd2 24. N1xd2 h6 25.
Kh2 Qf5 26. Qe3 Rfc8 27. g4 Qg6 28. Rg1 Rxb2 29. g5 h5 30. Rg2 Nf8 31. Nf1 Qc2 32. Ng3 Rc3 33. Qe1 Rxf3 0-1

[Event "*** Titled Tuesday Blitz"]
[Site "Chess.com"]
[Date "2020.12.01"]
[Round "3"]
[White "brunomorado"]
[Black "Vesper2018"]
[Result "1-0"]
[WhiteElo "2422"]
[BlackElo "2642"]
[TimeControl "180+1"]
[EndTime "10:28:18 PST"]
[Termination "brunomorado won on time"]

1. d4 Nf6 2. Nc3 d5 3. Bg5 Nbd7 4. Qd3 g6 5. f3 Bg7 6. e4 h6 7. Bh4 c6 8. e5 Nh5 9. Nge2 Nf8 10. g4 g5 11. Bf2 Nf4 12. Nxf4 gxf4 13. Qd2 Ne6 14. Ne2 h5 15. Nxf4 Nxf4 16. Qxf4 Be6 17. O-O-O Qa5 18. Kb1 O-O-O 19. g5 Kb8 20. h4 Qc7 21. Be1 c5 22. Bc3 f6 23. gxf6 exf6 24. Rg1 Rhf8 25. Rxg7 Qxg7 26. dxc5 d4 27. Bxd4 Qc7 28. Be2 Ka8 29. Rg1 fxe5 30. Qxe5 Qxe5 31. Bxe5 Rd2 32. Bd3 Rxf3 33. b3 Rf8 34. Rg6 Bd7 35. Rh6 Rg2 36.
Rxh5 Bc6 37. Bd6 Re8 38. Rh7 a6 39. h5 a5 40. h6 Rg1+ 41. Kb2 Rh1 42. Bf4 Rf8 43. Bd2 1-0

[Event "*** Titled Tuesday Blitz"]
[Site "Chess.com"]
[Date "2020.12.01"]
[Round "3"]
[White "ikhasu"]
[Black "lacafi"]
[Result "1-0"]
[WhiteElo "2416"]
[BlackElo "2202"]
[TimeControl "180+1"]
[EndTime "10:28:18 PST"]
[Termination "ikhasu won on time"]

1. d4 f5 2. Bg5 g6 3. h4 Bg7 4.
Nc3 d5 5. Qd2 c6 6. Nf3 Nd7 7.
O-O-O b5 8. Bf4 Ngf6 9. Ne5 Nxe5 10. Bxe5 Qa5 11. a3 b4 12. axb4 Qa1+ 13. Nb1 a5 14.
Bxf6 Bxf6 15. b5 cxb5 16. e4 fxe4 17. Bxb5+ Kf7 18. Bc6 Rb8 19. Bxd5+ e6 20. Qc3 Bd7 21. Bxe4 Rhc8 22. Qa3 Qxa3 23. Nxa3 Rb4 24. c3 Rb6 25. Bc2 Be7 26. Nb1 Bc6 27. f3 Bd5 28. Be4 Bb3 29. Rd2 a4 30. g3 Rc7 31. d5 exd5 32. Bxd5+ Bxd5 33. Rxd5 a3 34. bxa3 1-0

[Event "*** Titled Tuesday Blitz"]
[Site "Chess.com"]
[Date "2020.12.01"]
[Round "3"]
[White "awesomevishesh"]
[Black "HackingKid98"]
[Result "1-0"]
[WhiteElo "2554"]
[BlackElo "2339"]
[TimeControl "180+1"]
[EndTime "10:28:19 PST"]
[Termination "awesomevishesh won on time"]

1. e4 c6 2. d4 d5 3. f3 Qb6 4.
Nc3 e6 5. Nge2 Nf6 6. e5 Nfd7 7.
f4 c5 8. g3 Nc6 9. Be3 cxd4 10.
Nxd4 Bc5 11. Nce2 Qxb2 12. Bg2 Bb4+ 13. Kf2 Nxd4 14. Nxd4 Bc5 15. Qd3 O-O 16. Rhb1 Qa3 17. Rb3 Qa5 18. a4 Nb6 19. Rb5 Qa6 20. Rxc5 Nc4 21.
Rb5 Bd7 22. Rb4 Rfc8 23. Bf1 Rc7 24. Rab1 Rac8 25. c3 Bxa4 26. Ra1 b5 27. Nxb5 Qxb5 28. Rxb5 Bxb5 29. Qd4 a6 30. Bxc4 1-0

[Event "*** Titled Tuesday Blitz"]
[Site "Chess.com"]
[Date "2020.12.01"]
[Round "3"]
[White "MillyNeuf"]
[Black "NeverW84M8"]
[Result "0-1"]
[WhiteElo "2327"]
[BlackElo "2535"]
[TimeControl "180+1"]
[EndTime "10:28:20 PST"]
[Termination "NeverW84M8 won by resignation"]

1. e4 e5 2. Nf3 Nc6 3. Bc4 Bc5 4. O-O Nf6 5. d3 d6 6. c3 Bb6 7. a4 O-O 8. h3 a6 9. Nbd2 Ne7 10. Re1 Ng6 11. Nf1 c6 12. Be3 Bc7 13. Ng3 d5 14. Bb3 h6 15. Qc2 Re8 16. Rad1 Be6 17. d4 Nxe4 18.
Nxe4 dxe4 19. Bxe6 Rxe6 20. Qxe4 exd4 21. Qxd4 Qe7 22. Qd2 Re8 23. Bd4 Rd8 24. Rxe6 Qxe6 25.
Re1 Qb3 26. Qe2 Qxa4 27. h4 Qa5 28. b4 Qf5 29. Qe4 Qxe4 30. Rxe4 Bd6 31. g3 h5 32. Kg2 f6 33. Bb6 Rd7 34. Rd4 Kf7 35. Bc5 Ke7 36. Re4+ Kd8 37. Bb6+ Bc7 38. Bxc7+ Kxc7 39. Nd4 Ne5 40. Nf5 c5 41. bxc5 Kc6 42. Nd4+ Kxc5 43. Ne6+ Kd5 44. Rd4+ Kxe6 45. Rxd7 Kxd7 0-1

[Event "*** Titled Tuesday Blitz"]
[Site "Chess.com"]
[Date "2020.12.01"]
[Round "3"]
[White "karinachess1"]
[Black "Matols"]
[Result "1/2-1/2"]
[WhiteElo "2483"]
[BlackElo "2231"]
[TimeControl "180+1"]
[EndTime "10:28:20 PST"]
[Termination "Game drawn by repetition"]

1. e4 e6 2. d4 d5 3. Nc3 Nf6 4. e5 Nfd7 5. f4 c5 6. Nf3 Nc6 7. Be3 cxd4 8. Nxd4 Bc5 9. Qd2 O-O 10.
O-O-O a6 11. h4 Bxd4 12. Bxd4 b5 13. h5 b4 14. Na4 a5 15. g4 Ba6 16. Bxa6 Rxa6 17.
h6 g6 18. f5 Qc7 19. Bc5 Ncxe5 20. Bxf8 Nxf8 21. fxe6 fxe6 22. Rhf1 Rc6 23. Kb1 Nxg4 24.
Qe2 Nxh6 25. Rde1 Nf5 26. Qd3 Rc4 27. b3 Rc6 28. Rh1 Qg7 29. Qb5 Qc7 30. Qd3 d4 31. Re2 e5 32. Reh2 Ne3 33. Nb2 Rc3 34. Qe4 Qc6 35.
Qxe5 Rxc2 36. Rxc2 Qxc2+ 37. Ka1 Qc3 38. Qe7 Nc2+ 39.
Kb1 Na3+ 40. Ka1 d3 41. Rf1 Nc2+ 42. Kb1 Na3+ 43. Ka1 Nc2+ 44. Kb1 Na3+ 45. Ka1 1/2-1/2

[Event "*** Titled Tuesday Blitz"]
[Site "Chess.com"]
[Date "2020.12.01"]
[Round "3"]
[White "Sokoloco"]
[Black "GAusal"]
[Result "1-0"]
[WhiteElo "2464"]
[BlackElo "2097"]
[TimeControl "180+1"]
[EndTime "10:28:20 PST"]
[Termination "Sokoloco won by resignation"]

1. b3 d5 2. Bb2 c5 3. e3 a6 4. Nf3 Bg4 5. Be2 Nc6 6. O-O Nf6 7. d3 e6 8. Ne5 Nxe5 9. Bxe5 Bxe2 10. Qxe2 Bd6 11.
f4 Bxe5 12. fxe5 Nd7 13. d4 Qb6 14. Qf2 O-O 15. Nd2 cxd4 16. exd4 f6 17. exf6 Nxf6 18. c3 Rac8 19. Qe3 Rce8 20. Rae1 Qd6 21. Nf3 Ne4 22.
Ng5 Nxg5 23. Qxg5 Rxf1+ 24. Rxf1 Rf8 25. Re1 Rf6 26. Qe3 Kf7 27. g3 h6 28. c4 dxc4 29.
bxc4 g5 30. Qe4 Qc6 31. d5 Qc5+ 32. Kh1 Qf2 33. dxe6+ Ke7 34. Qxb7+ Kf8 35. e7+ Kg8 36. e8=Q+ Rf8 37. Qd5+ Kg7 38. Qe7+ Kg6 39. Qde4+ Kh5 40. Qe2+ Rf3 1-0

[Event "*** Titled Tuesday Blitz"]
[Site "Chess.com"]
[Date "2020.12.01"]
[Round "3"]
[White "MIJuanReyesRosa"]
[Black "Region_07"]
[Result "0-1"]
[WhiteElo "2064"]
[BlackElo "2462"]
[TimeControl "180+1"]
[EndTime "10:28:20 PST"]
[Termination "Region_07 won on time"]

1. e4 Nc6 2. d4 d5 3. exd5 Qxd5 4. Nf3 Bg4 5. Be2 O-O-O 6. c4 Qh5 7. Be3 Nf6 8. Nbd2 e5 9. d5 Nd4 10. Bxd4 exd4 11.
O-O Bd6 12. Rc1 Bxh2+ 13. Nxh2 Bxe2 14. Qa4 Bxf1 15. Qxa7 Bd3 16. Qa8+ Kd7 17. Qxb7 Qe5 18. Qc6+ Ke7 19. Nhf3 Qd6 20. Re1+ Kf8 21. Qb5 g6 22.
Ne5 Bf5 23. Ndf3 Kg7 24. Nxd4 Bc8 25. f4 Ba6 26. Qb3 Rhe8 27. Qc3 Kg8 28. Rf1 Qc5 29. Kh2 h5 30. b4 Qd6 31. Qf3 Rxe5 32. fxe5 Ng4+ 33.
Kg1 Nxe5 34. Nc6 Nxf3+ 35. Rxf3 Bxc4 0-1

[Event "*** Titled Tuesday Blitz"]
[Site "Chess.com"]
[Date "2020.12.01"]
[Round "3"]
[White "DenLaz"]
[Black "Sanyura"]
[Result "1-0"]
[WhiteElo "2795"]
[BlackElo "2516"]
[TimeControl "180+1"]
[EndTime "10:28:21 PST"]
[Termination "DenLaz won by checkmate"]

1. d4 Nf6 2. c4 g6 3. g3 Bg7 4. Bg2 O-O 5. Nc3 d6 6. Nf3 Nbd7 7. O-O e5 8. e4 exd4 9. Nxd4 Nc5 10. h3 Re8 11.
Re1 Bd7 12. Kh2 h5 13. Rb1 a5 14. Ndb5 Bc6 15. f3 Nfd7 16. Be3 a4 17. Qe2 Be5 18.
Bf2 h4 19. f4 hxg3+ 20. Bxg3 Bg7 21. Rbd1 Nf6 22. Bh4 Qc8 23. Qc2 Nh5 24. Rf1 Ne6 25. Ne2 Nc5 26. Nec3 a3 27. b4 Ne6 28. f5 Nef4 29.
f6 Bh6 30. Nd4 Nxg2 31. Qxg2 Nf4 32. Qf3 Ne6 33. Nf5 gxf5 34. Rg1+ Kh8 35. Qh5 Nf8 36. Qxh6+ Nh7 37. Qg7# 1-0

[Event "*** Titled Tuesday Blitz"]
[Site "Chess.com"]
[Date "2020.12.01"]
[Round "3"]
[White "Stosk"]
[Black "alexrustemov"]
[Result "1/2-1/2"]
[WhiteElo "2379"]
[BlackElo "2635"]
[TimeControl "180+1"]
[EndTime "10:28:22 PST"]
[Termination "Game drawn - insufficient material"]

1. d4 d5 2. c4 c6 3. Nc3 dxc4 4. e4 b5 5. a4 b4 6. Na2 Nf6 7. e5 Nd5 8. Bxc4 e6 9. Nf3 Ba6 10. Bxa6 Nxa6 11. Qe2 Qb6 12. O-O c5 13. Rd1 Rc8 14. Be3 c4 15. Rac1 c3 16. bxc3 bxc3 17. Bd2 Qb2 18.
Qxa6 Rc7 19. Nxc3 Nxc3 20. Bxc3 Qb6 21. Qxb6 axb6 22. a5 b5 23. a6 Ra7 24. Ra1 b4 25.
Rdb1 bxc3 26. Rb7 Ra8 27. a7 Be7 28. Rb8+ Kd7 29. Rxh8 Rxh8 30. a8=Q Rxa8 31. Rxa8 c2 32.
Ra1 Ba3 33. Ne1 c1=Q 34. Rxc1 Bxc1 35. Nd3 Ba3 36. f4 Kc6 37. Kf2 Kd5 38. Ke3 h5 39. g3 g6 40. h3 Be7 41. g4 Bd8 42. Nc1 hxg4 43. hxg4 Bb6 44. Ne2 Kc4 45. Ke4 Ba7 46.
f5 gxf5+ 47. gxf5 exf5+ 48. Kxf5 Bxd4 49. Nxd4 Kxd4 50. Kf6 Ke4 51. Kxf7 Kxe5 1/2-1/2

[Event "*** Titled Tuesday Blitz"]
[Site "Chess.com"]
[Date "2020.12.01"]
[Round "3"]
[White "CM_rui"]
[Black "kikydu96"]
[Result "1-0"]
[WhiteElo "2375"]
[BlackElo "2555"]
[TimeControl "180+1"]
[EndTime "10:28:22 PST"]
[Termination "CM_rui won by resignation"]

1. e4 e5 2. Nf3 Nc6 3. Bb5 Nf6 4. O-O Nxe4 5. d4 Nd6 6. Bxc6 dxc6 7. dxe5 Nf5 8. Qxd8+ Kxd8 9. Bg5+ Ke8 10. Nc3 Be6 11. Rad1 Be7 12. Rfe1 h6 13. Bxe7 Kxe7 14. Ne4 Rad8 15.
Nc5 b6 16. Nxe6 Kxe6 17. g4 Ne7 18. Nd4+ Kd7 19. Nf5+ Nd5 20. c4 g6 21. Ng3 Ke6 22.
cxd5+ cxd5 23. f4 c5 24. f5+ Ke7 25. e6 Rd6 26. Rf1 fxe6 27. fxg6 Rg8 28. Rf7+ Ke8 29. Rf6 d4 30. Nf5 Rd5 31. Nxh6 Rg7 32. Rxe6+ Kd7 33.
Rf6 d3 34. Rf7+ Rxf7 35. gxf7 Ke7 36. Rf1 Kf8 37. h4 d2 38. Rd1 c4 39. g5 b5 40. g6 b4 41. Rf1 Rd8 42. g7+ Kxg7 43.
Nf5+ Kf8 44. Ne3 c3 45. bxc3 bxc3 46. Rd1 Rd3 47. Kf2 Rxe3 48. Kxe3 c2 49. Kxd2 cxd1=Q+ 50. Kxd1 Kxf7 51. Kd2 Kg6 52. Kc3 Kh5 53. Kc4 Kxh4 54. Kb5 Kg5 55. Ka6 Kf6 56. Kxa7 Ke7 57. Kb7 Kd6 58. a4 1-0

[Event "*** Titled Tuesday Blitz"]
[Site "Chess.com"]
[Date "2020.12.01"]
[Round "3"]
[White "temus_galaktionov"]
[Black "champ2005"]
[Result "1-0"]
[WhiteElo "2704"]
[BlackElo "3003"]
[TimeControl "180+1"]
[EndTime "10:28:24 PST"]
[Termination "temus_galaktionov won on time"]

1. d4 Nf6 2. Nf3 g6 3. c4 Bg7 4. Nc3 O-O 5. e4 d6 6. Be2 Qe8 7. O-O e5 8. dxe5 dxe5 9. Be3 Na6 10. a3 Bg4 11. b4 c6 12. c5 Nc7 13. Nd2 Bxe2 14. Qxe2 Nh5 15. Nc4 Ne6 16. Rad1 Qe7 17. Qa2 Nhf4 18. Rd6 Nd4 19. Rd1 Nfe6 20. Ne2 Kh8 21.
Nxd4 exd4 22. Bd2 Rae8 23. Re1 Nc7 24. e5 Nb5 25. f4 Nxd6 26. Nxd6 Rd8 27. Qc4 Qe6 28.
Qxe6 fxe6 29. Nxb7 Rd5 30. Na5 Rc8 31. Kf2 Kg8 32.
Kf3 g5 33. g3 d3 34. Ke4 Kf7 35. Re3 Ke8 36. Nb7 Kd7 37. Nd6 Rf8 38. Re1 h5 39.
Nc4 Kc7 40. Rg1 Kd7 41. Nd6 1-0

[Event "*** Titled Tuesday Blitz"]
[Site "Chess.com"]
[Date "2020.12.01"]
[Round "3"]
[White "DrMamaliga"]
[Black "redbaron8888"]
[Result "0-1"]
[WhiteElo "2345"]
[BlackElo "2554"]
[TimeControl "180+1"]
[EndTime "10:28:24 PST"]
[Termination "redbaron8888 won by resignation"]

1. c4 e6 2. b3 d5 3. Nf3 Nf6 4.
Bb2 Be7 5. e3 b6 6. g3 dxc4 7.
bxc4 Bb7 8. Bg2 c5 9. O-O O-O 10. Nc3 Nbd7 11. Qe2 Rc8 12. Ne1 Bxg2 13. Nxg2 Qc7 14.
f4 Rfd8 15. Ne1 Nf8 16. d3 Ng6 17. g4 h6 18. Qg2 a6 19. Rf3 Nh4 20. Qf2 Nxf3+ 21.
Qxf3 Qc6 22. Qg3 b5 23. Rd1 bxc4 24. g5 hxg5 25. fxg5 Nh5 26. Qg4 g6 27. Qxc4 Bxg5 28. Kf2 Bf6 29. Nf3 Ng7 30. Rf1 Qb7 31. Ba1 Nf5 32. Qg4 Qe7 33. Nd2 Rxd3 34. Nde4 Nxe3 35. Qe2 Nxf1 36. Qxd3 Nxh2 37. Qh3 Be5 38. Kg2 f5 39. Nf2 Qh7 40. Qf3 Ng4 41. Nxg4 fxg4 42. Qxg4 Qh2+ 43.
Kf3 Rf8+ 44. Ke4 Rf4+ 0-1